 Dungeon Crawl Stone Soup version 0.31.0-12-g77e489cdc1 (webtiles) character file.

Game seed: 2248157695702016500

1290 NotreDorf the Cudgeller (level 8, -2/71 HPs)
             Began as a Minotaur Berserker on Feb 12, 2024.
             Was a Priest of Trog.
             Slain by Edmund
             ... wielding a +3 heavy flail
              (15 damage)
             ... on level 4 of the Dungeon.
             The game lasted 00:08:41 (4132 turns).

NotreDorf the Cudgeller (Minotaur Berserker)        Turns: 4132, Time: 00:08:41

Health: -2/71      AC:  6    Str: 22    XL:     8   Next: 30%
Magic:  7/7        EV: 13    Int:  6    God:    Trog [***...]
Gold:   368        SH:  0    Dex: 10    Spells: 7/7 levels left

rFire   . . .        a - +0 mace
rCold   . . .        (no shield)
rNeg    . . .        h - +0 leather armour
rPois   .            (helmet restricted)
rElec   .            p - scarf {repulsion}
rCorr   .            (no gloves)
SInv    .            o - +1 pair of boots
Will    .....        (no amulet)
Stlth   +            (no ring)
HPRegen 0.31/turn    (no ring)
MPRegen 0.10/turn

%: repel missiles
@: on berserk cooldown, slowed, very slow
A: horns 2, retaliatory headbutt
a: Renounce Religion, Berserk, Trog's Hand


You were on level 4 of the Dungeon.
You worshipped Trog.
Trog was most pleased with you.
You visited 1 branch of the dungeon, and saw 5 of its levels.

You collected 368 gold pieces.

Inventory:

Hand Weapons
 a - a +0 mace (weapon)
Armour
 h - a +0 leather armour (worn)
 o - a +1 pair of boots (worn)
 p - a scarf of repulsion (worn)
Wands
 t - a wand of iceblast (8)
Scrolls
 b - 2 scrolls of fear {unknown}
 c - a scroll of enchant weapon {unknown}
 d - a scroll of poison {unknown}
 g - 2 scrolls of noise {unknown}
 l - 3 scrolls of identify {unknown}
 m - a scroll of amnesia {unknown}
 q - a scroll of teleportation {unknown}
Potions
 e - 4 potions of might
 f - a potion of curing
 i - a potion of cancellation {unknown}
 j - 2 potions of resistance {unknown}
 k - 2 potions of invisibility {unknown}
 n - 2 potions of lignification {unknown}
 r - a potion of heal wounds {unknown}
 s - 2 potions of magic {unknown}
 u - a potion of degeneration {unknown}


   Skills:
 + Level 6.5 Fighting
 + Level 6.5 Maces & Flails
 + Level 5.9 Armour
 + Level 5.3 Dodging
 + Level 4.6 Unarmed Combat


You had 7 spell levels left.
You didn't know any spells.
Your spell library was empty.

Dungeon Overview and Level Annotations

Branches:
Dungeon (5/15)
 Temple: D:4-7

Altars:
Elyvilon
Okawaru
Trog
Zin

Annotations:
D:4 Edmund


Innate Abilities, Weirdness & Mutations

You have a pair of horns on your head.
You reflexively headbutt those who attack you in melee.


Message History

* * * LOW HITPOINT WARNING * * *
You closely miss Pikel.
Pikel is moderately wounded.
Pikel misses you.
You thump Pikel! Your headbutt misses Pikel.
Pikel is moderately wounded.
The lemure barely misses you. You furiously retaliate!
You headbutt the lemure! You sock Pikel! You headbutt Pikel!
You kill Pikel!
Trog accepts your kill.
With Pikel's spell broken, his former minions thank you for their freedom.
The lemure departs this earthly plane. x4
Your Fighting skill increases to level 6!
Your Maces & Flails skill increases to level 6!
Your Dodging skill increases to level 5!
Your Unarmed Combat skill increases to level 4!
You have reached level 8!
You feel agile.
You start resting.
You feel a strong urge to attack something.
You start resting.
Edmund the Younger comes into view.
He is wielding a +3 heavy flail and wearing a +2 ring mail of willpower.
Edmund is nearby!
You feel your anger nearly subside.
You are no longer berserk.
You are exhausted.
You feel yourself slow down.
Edmund shouts!
Edmund says, "People accused me of being a cutpurse!"
Edmund attacks as he pursues you! Edmund hits you with a +3 heavy flail.
* * * LOW HITPOINT WARNING * * *
There is a stone staircase leading up here.
Edmund hits you with a +3 heavy flail.
* * * LOW HITPOINT WARNING * * *
You climb upwards.
There is a stone staircase leading down here.
You hit Edmund.
Edmund is lightly wounded.
Edmund hits you with a +3 heavy flail!
You die...
Edmund says, "That'll show my brother!"

########### ####
#......@@.############...
#........................
#.......#.#####.#.###....
#.......#(# ##....# #....
####.......#.#
#.....###....
#..........#.#
##....†......
#.##.......#.#
##.######...
#.#####.....^# #.# ####
#.# ##...##### #.# #


You could see Edmund.

Vanquished Creatures
  Pikel (D:5)
  Grinder (D:3)
  Sigmund (D:3)
  Pargi (D:3)
  A scorpion (D:5)
  A bombardier beetle (D:5)
  A hound (D:4)
  Ijyb (D:3)
  Jessica (D:3)
  2 iguanas (D:5)
  3 gnolls (D:5)
  5 adders
  A shadow imp (D:5)
  A ribbon worm (D:3)
  3 dart slugs
  6 orcs
  4 bats
  3 endoplasms
  5 giant cockroaches
  10 goblins
  6 hobgoblins
  3 jackals
  4 kobolds
  2 quokkas
  2 ball pythons
  A frilled lizard (D:2)
  2 rats
72 creatures vanquished.

Notes
Turn   | Place    | Note
-------+----------+-------------------------------------------
     0 | D:1      | NotreDorf the Minotaur Berserker began the quest for the
                  | Orb.
     0 | D:1      | Reached XP level 1. HP: 19/19 MP: 0/0
   200 | D:1      | Found a faded altar of an unknown god.
   228 | D:1      | Reached XP level 2. HP: 25/27 MP: 1/1
   978 | D:2      | Reached XP level 3. HP: 33/33 MP: 2/2
   987 | D:2      | Reached ** piety under Trog
   988 | D:2      | Reached skill level 1 in Unarmed Combat
  1360 | D:2      | Reached XP level 4. HP: 30/40 MP: 3/3
  1456 | D:3      | Noticed Sigmund
  1480 | D:3      | Killed Sigmund
  1481 | D:3      | Reached XP level 5. HP: 12/47 MP: 4/4
  1765 | D:3      | Noticed Grinder
  1780 | D:3      | Killed Grinder
  1781 | D:3      | Reached skill level 5 in Fighting
  1781 | D:3      | Reached skill level 5 in Maces & Flails
  1781 | D:3      | Reached XP level 6. HP: 22/56 MP: 5/5
  2083 | D:3      | Noticed Pargi
  2098 | D:3      | Killed Pargi
  2099 | D:3      | Reached XP level 7. HP: 44/61 MP: 6/6
  2462 | D:3      | Noticed Ijyb
  2470 | D:3      | Killed Ijyb
  2534 | D:3      | Noticed Jessica
  2542 | D:3      | Killed Jessica
  2625 | D:4      | Found a white marble altar of Elyvilon.
  2685 | D:4      | Found an iron altar of Okawaru.
  2941 | D:4      | Found a bloodstained altar of Trog.
  3225 | D:4      | Reached *** piety under Trog
  3539 | D:5      | Entered Level 5 of the Dungeon
  3592 | D:5      | Reached skill level 5 in Armour
  3990 | D:5      | Found a glowing silver altar of Zin.
  4100 | D:5      | Noticed Pikel
  4114 | D:5      | Killed Pikel
  4115 | D:5      | Reached skill level 5 in Dodging
  4115 | D:5      | Reached XP level 8. HP: 25/71 MP: 7/7
  4117 | D:5      | Noticed Edmund
  4132 | D:4      | Slain by Edmund

Illustrated notes

Levels and vault maps discovered:
D:1:      dpeg_arrival_shelter, layout_basic, hellmonk_ecumenical_altar_run_dry,
          minmay_cut_off
D:2:      layout_basic, kennysheep_path_1, minmay_fractal_squares_gapless_5
D:3:      layout_basic, uniq_ijyb, uniq_jessica, uniq_grinder, uniq_pargi,
          uniq_sigmund
D:4:      layout_loops_corners, lemuel_tele_altar, lemuel_round_altar,
          mainiacjoe_overflow_tiny_flanked, serial_glass, glass_columns_a,
          glass_columns_a
D:5:      layout_loops_ring, zin_treasury,
          mainiacjoe_overflow_concentric_impassable, uniq_pikel, uniq_edmund

Skill      XL: |  1  2  3  4  5  6  7 |
---------------+----------------------+-----
Fighting       | 4 5 6 |  6.5
Maces & Flails | 4 5 6 |  6.5
Armour         | 3 4 5 |  5.9
Unarmed Combat | 1 2 3 4 |  4.6
Dodging        | 3 4 5 |  5.3

Action                     |  1- 3 |  4- 6 |  7- 9 || total
---------------------------+-------+-------+-------++-------
  Melee: Mace              |    69 |    39 |    86 ||   194
         Headbutt          |     6 |     7 |    17 ||    30
         Punch             |       |     1 |     2 ||     3
 Invoke: Berserk           |       |       |     1 ||     1
    Use: Potion            |       |     2 |       ||     2
 Armour: Animal skin       |    16 |       |       ||    16
         Leather armour    |    22 |    37 |    55 ||   114
  Dodge: Dodged            |    33 |    33 |    57 ||   123
         Repelled          |       |       |     1 ||     1
